 Dungeon Sprint DCSS version 0.31-a0-20-g13bd767e95 (webtiles) character file.

Game seed: 9325074368153409611

417 Conn the Arsonist (level 6, -18/36 HPs)
             Began as an Octopode Fire Elementalist on May 13, 2023.
             Was an Initiate of Sif Muna.
             Demolished by Sonja
             ... wielding a +0 dagger of distortion
              (26 damage)
             ... in the Dungeon (Sprint I: "Red Sonja").
             The game lasted 00:03:40 (418 turns).

Conn the Arsonist (Octopode Fire Elementalist)       Turns: 418, Time: 00:03:44

Health: -18/36     AC:  1    Str:  8    XL:     6   Next: 93%
Magic:  12/16      EV: 14    Int: 19    God:    Sif Muna [......]
Gold:   351        SH:  0    Dex: 12    Spells: 9/19 levels left

rFire   . . .        (no weapon)
rCold   . . .        (no shield)
rNeg    . . .        (helmet restricted)
rPois   .            (no amulet)
rElec   .            (no ring)
rCorr   .            (no ring)
SInv    .            (no ring)
Will    .....        (no ring)
Stlth   ++++         (no ring)
HPRegen 0.26/turn    (no ring)
MPRegen 0.15/turn    (no ring)
                     (no ring)

%: no teleportation
@: no status effects
A: almost no armour, amphibious, 8 rings, camouflage 1, gelatinous body 1,
(nimble swimmer 1), tentacles
a: Renounce Religion


You were in the Dungeon.
You worshipped Sif Muna.
Sif Muna was noncommittal.
You visited 1 branch You collected 351 gold pieces.

Inventory:

Wands
 e - a wand of digging (4)
Scrolls
 f - a scroll of blinking
Potions
 a - 3 potions of magic
 b - a potion of curing
 c - a potion of heal wounds
 d - a potion of haste


   Skills:
 + Level 4.9 Dodging
 - Level 5.9 Stealth
 * Level 7.0 Spellcasting
 * Level 4.0 Conjurations
 + Level 0.9 Hexes
 + Level 10.3 Fire Magic
 - Level 0.5 Evocations


You had 9 spell levels left.
You knew the following spells:

 Your Spells              Type           Power      Damage    Failure   Level
a - Foxfire               Conj/Fire      100%       2x1d9     1%          1
b - Scorch                Fire           92%        2d9       1%          2
c - Inner Flame           Hex/Fire       28%        N/A       3%          3
d - Flame Wave            Conj/Fire      34%        2d10      5%          4

Your spell library contained the following spells:

 Spells                   Type           Power      Damage    Failure   Level
 Volatile Blastmotes      Fire/Tloc      52%        2d14      3%          3


Dungeon Overview and Level Annotations

Branches:
Dungeon (1/1)

Altars:
Cheibriados
Dithmenos
Elyvilon
Fedhas
Gozag
Hepliaklqana
Kikubaaqudgha
Nemelex Xobeh
Okawaru
Qazlal
Ru
Sif Muna
Trog
Uskayaw
Vehumet
Wu Jian
Yredelemnul
Zin
The Shining One

Shops:
D (

Annotations:
D Sonja


Innate Abilities, Weirdness & Mutations

You cannot wear most types of armour.
You are amphibious.
You can wear up to eight rings at the same time.
Your skin changes colour to match your surroundings (Stealth+).
Your rubbery body absorbs attacks. (AC +1, EV +1)
((You are camouflaged when in or above water. (Stealth+)))
You have tentacles for arms and can constrict up to eight enemies at once.


Message History

Things that are here:
a +0 scythe; a +2 robe of cold resistance
There is an open door here.
You see here a +0 quarterstaff.
You see here a +0 mace.
Okay, then.
Unknown command.
Casting: Scorch (safe; 1% risk of failure)
Confirm with . or Enter, or press ? or * to list all spells.
You conjure some foxfire!
Casting: Foxfire (safe; 1% risk of failure)
Confirm with . or Enter, or press ? or * to list all spells.
You conjure some foxfire!
You open the door.
Sonja, the Graceful Assassin comes into view.
She is wielding a +0 dagger of distortion and quivering curare-tipped darts.
Sonja shouts!
Sonja mumbles some strange words.
Sonja blinks!
The foxfire hits Sonja.
Sonja is lightly wounded.
Sonja barely misses you.
Sonja hits you with a +0 dagger of distortion.
Space warps around you. Sonja completely misses you.
The foxfire hits Sonja.
Sonja is moderately wounded.
Found 108 gold pieces.
Unknown command.
Unknown command.
Casting: Foxfire (safe; 1% risk of failure)
Confirm with . or Enter, or press ? or * to list all spells.
Flames lash Sonja.
Sonja is moderately wounded.
Sonja's fire resistance burns away.
The foxfire hits Sonja.
Sonja is burned terribly!
Sonja is heavily wounded.
Sonja hits you with a +0 dagger of distortion.
Space warps horribly around you!
Sonja hits you with a +0 dagger of distortion.
* * * LOW HITPOINT WARNING * * *
Space warps horribly around you!!
Ouch! That really hurt!
You die...

################
#<.#.)'..#..)..#
#..'[.#..'..#..+
#..#####'#####'#
#..####..#...#§#
#..#__####..##)#
#..#_____##'#_.+
#⌠⌠._.∩...'§K._#
##.#_..__##§@#'#
#..#_____###§#[#
########## #§###
$§$ $§$ ##.##
#+#


You could see Sonja (combustible).

Vanquished Creatures
  Sigmund (D)
  A yak (D)
  An ogre (D)
  A jelly (D)
  Ijyb (D)
5 creatures vanquished.

Vanquished Creatures (others)
  16 foxfires (D)
16 creatures vanquished.

Grand Total: 21 creatures vanquished

Notes
Turn   | Place    | Note
-------+----------+-------------------------------------------
     0 | D        | Conn the Octopode Fire Elementalist began the quest for the
                  | Orb.
     0 | D        | Reached XP level 1. HP: 11/11 MP: 3/3
     2 | D        | Noticed Ijyb
     6 | D        | Killed Ijyb
     7 | D        | Reached skill level 5 in Fire Magic
     7 | D        | Reached XP level 2. HP: 17/17 MP: 1/6
     7 | D        | Reached XP level 3. HP: 21/21 MP: 1/7
    19 | D        | Learned a level 2 spell: Scorch
    23 | D        | Learned a level 3 spell: Inner Flame
    54 | D        | Noticed an ogre
    58 | D        | Killed an ogre
    59 | D        | Reached skill level 7 in Fire Magic
    59 | D        | Reached XP level 4. HP: 27/27 MP: 2/10
   148 | D        | Noticed a yak
   148 | D        | Found an ancient bone altar of Kikubaaqudgha.
   148 | D        | Found Ficek's Antique Weapon Emporium.
   148 | D        | Found a basalt altar of Yredelemnul.
   148 | D        | Found a glowing golden altar of the Shining One.
   148 | D        | Found an iron altar of Okawaru.
   148 | D        | Found a bloodstained altar of Trog.
   148 | D        | Found a hide-covered altar of Uskayaw.
   148 | D        | Found a blossoming altar of Fedhas.
   148 | D        | Found a hazy altar of Hepliaklqana.
   148 | D        | Found a stormy altar of Qazlal.
   148 | D        | Found a snail-covered altar of Cheibriados.
   148 | D        | Found an opulent altar of Gozag.
   148 | D        | Found a sparkling altar of Nemelex Xobeh.
   153 | D        | Killed a yak
   154 | D        | Reached skill level 5 in Stealth
   154 | D        | Reached skill level 5 in Spellcasting
   154 | D        | Reached skill level 9 in Fire Magic
   154 | D        | Reached XP level 5. HP: 31/31 MP: 3/13
   154 | D        | Reached XP level 6. HP: 36/36 MP: 3/14
   154 | D        | Found a sacrificial altar of Ru.
   154 | D        | Found a glowing silver altar of Zin.
   229 | D        | Found a shadowy altar of Dithmenos.
   229 | D        | Found a white marble altar of Elyvilon.
   236 | D        | Found a shimmering blue altar of Sif Muna.
   236 | D        | Found a radiant altar of Vehumet.
   236 | D        | Found an ornate altar of the Wu Jian Council.
   284 | D        | Became a worshipper of Sif Muna the Loreminder
   313 | D        | Learned a level 4 spell: Flame Wave
   324 | D        | Noticed Sigmund
   331 | D        | Killed Sigmund
   332 | D        | Reached skill level 10 in Fire Magic
   417 | D        | Noticed Sonja
   418 | D        | Demolished by Sonja

Illustrated notes

Levels and vault maps discovered:
D:        dungeon_sprint_1 [red_sonja_temple_1, red_sonja_temple_small_1]

Skill      XL: |  1  2  3  4  5  6 |
---------------+-------------------+-----
Stealth        | 3 4 5 |  5.9
Spellcasting   | 3 4 5 7 |  7.0
Fire Magic     | 5 7 9 10 | 10.3
Dodging        | 3 4 |  4.9
Conjurations   | 2 4 |  4.0
Hexes          | |  0.9
Evocations     | |  0.5

Action                     |  1- 3 |  4- 6 || total
---------------------------+-------+-------++-------
  Melee: Unarmed           |     2 |       ||     2
         Tentacles         |     2 |       ||     2
         Constrict         |     1 |       ||     1
   Cast: Foxfire           |     3 |     6 ||     9
         Scorch            |     2 |     7 ||     9
         Inner Flame       |       |     2 ||     2
  Evoke: Wand              |       |     2 ||     2
    Use: Potion            |     1 |       ||     1
  Dodge: Dodged            |     1 |     3 ||     4

Table legend: (Time is in decaauts)
 A = Elapsed time spent in this place.
 B = Non-inter-level travel time spent in this place.
 C = Inter-level travel time spent in this place.
 D = Time resting spent in this place.
 E = Time spent auto-exploring this place.
 F = Levels seen in this place.
 G = Mean time per level.
                   A        B        C        D        E       F      G
               +--------+--------+--------+--------+--------+-----+--------+
         Total |    430 |    430 |      0 |    254 |      0 |   1 |  430.0 |
       Dungeon |    430 |    430 |      0 |    254 |      0 |   1 |  430.0 |
               +--------+--------+--------+--------+--------+-----+--------+

Top non-repeatable levels by time:
       D: 430 daAuts
